 Dungeon Crawl Stone Soup version 0.29.1-4-g47bece8355 (webtiles) character file.

Game seed: 17724764623881159913

347 venomsnake the Trooper (level 6, 0/85 HPs)
             Began as a Minotaur Berserker on Dec 8, 2022.
             Was a Believer of Trog.
             Slain by an iguana (11 damage)
             ... on level 4 of the Dungeon.
             The game lasted 00:22:10 (3673 turns).

venomsnake the Trooper (Minotaur Berserker)         Turns: 3673, Time: 00:22:11

Health: 0/85       AC: 10    Str: 23    XL:     6   Next: 32%
Magic:  5/5        EV:  9    Int:  4    God:    Trog [**....]
Gold:   244        SH:  0    Dex: 10    Spells: 5/5 levels left

rFire   . . .      SeeInvis .   c - +0 war axe
rCold   . . .      Faith    .   (no shield)
rNeg    . . .      Spirit   .   l - +0 chain mail
rPois   .          Reflect  .   (helmet restricted)
rElec   .          Harm     .   i - +0 cloak
rCorr   .          Rampage  .   (no gloves)
Will    .....                   (no boots)
Stlth   ..........              (no amulet)
HPRegen 0.24/turn               (no ring)
MPRegen 0.09/turn               (no ring)

@: berserking, slowed
A: horns 2, retaliatory headbutt
a: Renounce Religion, Berserk, Trog's Hand


You were on level 4 of the Dungeon.
You worshipped Trog.
Trog was pleased with you.
You visited 1 branch of the dungeon, and saw 4 of its levels.

You collected 244 gold pieces.

Inventory:

Hand Weapons
 c - a +0 war axe (weapon)
Missiles
 k - 38 stones (quivered)
Armour
 i - a +0 cloak (worn)
 l - a +0 chain mail (worn)
Jewellery
 s - a +4 ring of protection
Scrolls
 a - a scroll of butterflies {unknown}
 d - 2 scrolls of fear {unknown}
 e - 2 scrolls of silence
 f - 2 scrolls of identify {unknown}
 h - a scroll of enchant weapon {unknown}
 p - a scroll of blinking {unknown}
 r - a scroll of poison {unknown}
Potions
 b - a potion of curing {unknown}
 g - 2 potions of brilliance {unknown}
 j - a potion of resistance {unknown}
 m - a potion of flight {unknown}
 n - 2 potions of attraction {unknown}
 o - a potion of haste {unknown}
 q - a potion of heal wounds {unknown}
 t - a potion of lignification {unknown}


   Skills:
 * Level 6.1 Fighting
 + Level 5.0 Axes
 + Level 4.1 Armour
 + Level 3.8 Dodging


You had 5 spell levels left.
You didn't know any spells.
Your spell library was empty.

Dungeon Overview and Level Annotations

Branches:
Dungeon (4/15)
 Temple: D:4-7

Altars:
Kikubaaqudgha


Innate Abilities, Weirdness & Mutations

You have a pair of horns on your head.
You reflexively headbutt those who attack you in melee.


Message History

You hit Natasha.
Natasha is lightly wounded.
Natasha claws you. x2
You closely miss Natasha. You headbutt Natasha!
Natasha is heavily wounded.
Natasha claws you. x2
You closely miss Natasha.
Natasha is heavily wounded.
Natasha closely misses you. Natasha claws you.
You barely miss Natasha.
Natasha is heavily wounded.
Natasha barely misses you. x2; You furiously retaliate!
You headbutt Natasha!
You kill Natasha!
Trog accepts your kill.
Trog appreciates your killing of a magic user.
Natasha screams in fury as she dies!
Your Axes skill increases to level 5!
The iguana bites you. The iguana bites you!
You see here the felid corpse of Natasha.
You closely miss the iguana. Your headbutt misses the iguana.
The iguana bites you. The iguana barely misses you.
You hit the iguana.
The iguana is lightly wounded.
The iguana misses you.
You hit the iguana.
The iguana is moderately wounded.
The iguana bites you.
* * * LOW HITPOINT WARNING * * *
The iguana bites you but does no damage.
You barely miss the iguana.
The iguana is moderately wounded.
The iguana barely misses you. You furiously retaliate!
You headbutt the iguana. The iguana barely misses you.
You hit the iguana. Your headbutt misses the iguana.
The iguana is heavily wounded.
The iguana closely misses you. The iguana bites you!
* * * LOW HITPOINT WARNING * * *
A red film seems to cover your vision as you go berserk!
You feel yourself moving faster!
You feel mighty! The iguana bites you!
You die...

### ### #.# ###### ###
.... #.#####..#.###.#
..... #
##.##..####..@l#$.....
####>...........#........
.....##.........##.......
#..............## .......
##......######.# .......
#......## .... .......
#........ .............
##......... .............
#..###...................


You could see an iguana.

Vanquished Creatures
  Grinder (D:4)
  Natasha (D:4)
  Robin (D:2)
  2 adders (D:2)
  A dart slug (D:1)
  6 orcs (D:3)
  8 ball pythons
  3 bats
  12 endoplasms
  3 giant cockroaches
  13 goblins
  12 hobgoblins
  2 kobolds
  2 quokkas
  6 frilled lizards
  5 rats
78 creatures vanquished.

Notes
Turn   | Place    | Note
-------+----------+-------------------------------------------
     0 | D:1      | venomsnake the Minotaur Berserker began the quest for the
                  | Orb.
     0 | D:1      | Reached XP level 1. HP: 19/19 MP: 0/0
   147 | D:1      | Reached XP level 2. HP: 24/27 MP: 1/1
   190 | D:1      | Reached skill level 4 in Fighting
   959 | D:1      | Reached XP level 3. HP: 33/33 MP: 2/2
   995 | D:1      | Found a faded altar of an unknown god.
  1392 | D:2      | Noticed Robin
  1411 | D:1      | Reached ** piety under Trog
  1669 | D:2      | Killed Robin
  1670 | D:2      | Reached XP level 4. HP: 38/41 MP: 3/3
  2268 | D:3      | Reached skill level 5 in Fighting
  2279 | D:3      | HP: 1/63 [orc/+1 hand axe of electrocution (14)]
  3369 | D:3      | Found an ancient bone altar of Kikubaaqudgha.
  3407 | D:4      | Noticed Grinder
  3441 | D:4      | Killed Grinder
  3442 | D:4      | Reached skill level 6 in Fighting
  3442 | D:4      | Reached XP level 5. HP: 16/50 MP: 4/4
  3442 | D:4      | Reached XP level 6. HP: 18/57 MP: 5/5
  3654 | D:4      | Noticed Natasha
  3666 | D:4      | Killed Natasha
  3667 | D:4      | Reached skill level 5 in Axes
  3673 | D:4      | Slain by an iguana

Illustrated notes

Levels and vault maps discovered:
D:1:      dpeg_arrival_round_a, layout_basic, chequers_ecumenical_altar_grove
D:2:      layout_rooms, uniq_robin
D:3:      layout_basic, lemuel_tele_altar, minivault_27, st_stairs_6
D:4:      layout_layer_cave, minmay_temple_entry_mist, uniq_natasha,
          uniq_grinder

Skill      XL: |  1  2  3  4  5  6 |
---------------+-------------------+-----
Fighting       | 4 6 |  6.1
Axes           | 4 5 |  5.0
Armour         | 3 4 |  4.1
Dodging        | 3 |  3.8

Action                   |  1- 3 |  4- 6 || total
-------------------------+-------+-------++-------
Melee: War axe           |    69 |    98 ||   167
       Headbutt          |     9 |     8 ||    17
       Hand axe          |     1 |       ||     1
       Punch             |     1 |     1 ||     2
Invok: Berserk           |       |     3 ||     3
       Trog's Hand       |       |     2 ||     2
  Use: Scroll            |       |     1 ||     1
 Stab: Sleeping          |     1 |       ||     1
Armor: Animal skin       |     6 |       ||     6
       Scale mail        |     7 |       ||     7
       Chain mail        |    21 |    41 ||    62
Dodge: Dodged            |    57 |    42 ||    99
